 Dungeon Crawl Stone Soup version 0.21.1 (webtiles) character file.

114 GuyWithAPlan the Spear-Bearer (level 4, 0/49 HPs)
             Began as a Merfolk Gladiator on Feb 5, 2018.
             Slain by khargal's ghost (6 damage)
             ... on level 3 of the Dungeon.
             The game lasted 00:02:08 (1952 turns).

GuyWithAPlan the Spear-Bearer (Merfolk Gladiator)   Turns: 1952, Time: 00:02:08

Health: 0/49       AC: 22    Str: 14    XL:     4   Next: 98%
Magic:  4/4        EV:  2    Int:  7    God:
Gold:   125        SH:  0    Dex: 16    Spells: 3/3 levels left

rFire    . . .     SeeInvis .   a - +1 trident
rCold    . . .     Gourm    .   (no shield)
rNeg     + + +     Faith    .   (armour currently unavailable)
rPois    +         Spirit   .   (helmet currently unavailable)
rElec    .         Reflect  .   (cloak currently unavailable)
rCorr    .         Harm     .   (gloves currently unavailable)
MR       .....     NoTele   +   (boots currently unavailable)
Stlth    +.........             (no amulet)
HPRegen  0.16/turn              h - -2 ring of evasion (curse)
MPRegen  0.09/turn              e - ring of teleportation (curse)

@: tree-form
A: (change form in water), (swift swim), (stealthy swim)
a: no special abilities


You were on level 3 of the Dungeon.
You were not hungry.
You were a tree.
You visited 1 branch of the dungeon, and saw 3 of its levels.

You collected 125 gold pieces.

Inventory:

Hand Weapons
 a - a +1 trident (weapon)
Missiles
 d - 3 throwing nets (quivered)
Armour
 b - a +0 leather armour (melded)
 c - a +0 helmet (melded)
 k - a +0 pair of boots (melded)
Jewellery
 e - a cursed ring of teleportation (right branch)
 h - a cursed -2 ring of evasion (left branch)
Scrolls
 j - a scroll of fear
Potions
 g - a potion of lignification
 i - a potion of curing
Comestibles
 f - 3 rations


   Skills:
 - Level 2.1 Fighting
 + Level 8.0 Polearms
 - Level 2.0 Throwing
 - Level 4.0 Dodging


You had 3 spell levels left.
You didn't know any spells.

Dungeon Overview and Level Annotations

Branches:
Dungeon (3/15)

Altars:

Annotations:
D:3 khargal's ghost, amateur HOFi


Message History

You closely miss khargal's ghost. Khargal's ghost hits you.
You hit khargal's ghost.
Khargal's ghost is lightly damaged.
Khargal's ghost hits you but does no damage.
You hit khargal's ghost but do no damage.
Khargal's ghost is lightly damaged.
Khargal's ghost barely misses you.
You barely miss khargal's ghost.
Khargal's ghost is lightly damaged.
You hit khargal's ghost but do no damage.
Khargal's ghost is lightly damaged.
Khargal's ghost hits you but does no damage.
You hit khargal's ghost.
Khargal's ghost is lightly damaged.
Khargal's ghost hits you!
* * * LOW HITPOINT WARNING * * *
You hit khargal's ghost.
Khargal's ghost is lightly damaged.
Khargal's ghost hits you.
You die...

... .. #.# ..# #.# #... #.#
#.#. #.# ##.#.##.######.
.......†.......
###.##.#.#######
........)♣.#...
##########.###..#W#.#######
........................[..
##..........##.#.#.#######
#..........##.#.#<......#
#..........##...#.#####.#
#..........###..#.......#
#..........# #..#########
#..........# #..#


You could see khargal's ghost.

Vanquished Creatures
  Jessica (D:2)
  Terence (D:2)
  An adder (D:2)
  2 dart slugs
  2 leopard geckos
  An orc (D:3)
  2 ball pythons
  A giant cockroach (D:2)
  4 hobgoblins
  7 jackals
  3 bats
  4 frilled lizards
  8 goblins
  4 kobolds
  5 rats
46 creatures vanquished.

Notes
Turn   | Place    | Note
-------+----------+-------------------------------------------
     0 | D:1      | GuyWithAPlan the Merfolk Gladiator began the quest for the Orb.
     0 | D:1      | Reached XP level 1. HP: 16/16 MP: 1/1
   101 | D:1      | Reached skill level 5 in Polearms
   224 | D:1      | Reached XP level 2. HP: 14/22 MP: 2/2
   786 | D:1      | Reached skill level 6 in Polearms
   786 | D:1      | Reached XP level 3. HP: 27/27 MP: 3/3
  1343 | D:2      | Noticed Terence
  1353 | D:2      | Killed Terence
  1353 | D:2      | Reached skill level 7 in Polearms
  1353 | D:2      | Reached XP level 4. HP: 29/33 MP: 4/4
  1401 | D:2      | Noticed Jessica
  1414 | D:2      | Killed Jessica
  1893 | D:3      | Noticed khargal's ghost (amateur HOFi)
  1905 | D:3      | Reached skill level 8 in Polearms
  1952 | D:3      | Slain by khargal's ghost

Skill      XL: |  1  2  3  4 |
---------------+-------------+-----
Polearms       | 5 6 7 8 |  8.0
Fighting       | |  2.1
Throwing       | |  2.0
Dodging        | |  4.0

Action                   |  1- 3 |  4- 6 || total
-------------------------+-------+-------++-------
Melee: Trident           |    99 |    51 ||   150
  Use: Scroll            |     4 |     2 ||     6
       Potion            |       |     1 ||     1
 Stab: Sleeping          |     5 |     1 ||     6
  Eat: Chunk             |     1 |     2 ||     3
Armor: Leather armour    |    16 |     5 ||    21
       Skin              |       |     3 ||     3
Dodge: Dodged            |    44 |    13 ||    57
